 Dungeon Crawl Stone Soup version 0.21.1-1-g345015f (webtiles) character file.

302 Kagorn the Skirmisher (level 6, -12/40 HPs)
             Began as a Gargoyle Fighter on July 26, 2018.
             Mangled by an ogre
             ... wielding a +0 giant club
              (15 damage)
             ... on level 3 of the Dungeon.
             The game lasted 00:15:35 (2281 turns).

Kagorn the Skirmisher (Gargoyle Fighter)            Turns: 2281, Time: 00:15:36

Health: -12/40     AC: 16    Str: 21    XL:     6   Next: 37%
Magic:  6/6        EV:  8    Int:  8    God:
Gold:   121        SH: 11    Dex: 10    Spells: 4/5 levels left

rFire    . . .     SeeInvis .   m - +3 short sword (elec)
rCold    . . .     Gourm    .   c - +0 shield
rNeg     + . .     Faith    .   b - +0 scale mail
rPois    ∞         Spirit   .   p - +1 helmet
rElec    +         Reflect  +   (no cloak)
rCorr    +         Harm     .   (no gloves)
MR       .....                  u - +2 pair of boots
Stlth    ..........             w - +2 amulet of reflection
HPRegen  0.13/turn              o - ring of resist corrosion
MPRegen  0.10/turn              (no ring)

@: no status effects
A: negative energy resistance 1, electricity resistance, unbreathing,
petrification resistance, rot immunity, AC +4
a: no special abilities


You were on level 3 of the Dungeon.
You were hungry.

You visited 1 branch of the dungeon, and saw 4 of its levels.

You collected 121 gold pieces.

Inventory:

Hand Weapons
 m - a +3 short sword of electrocution (weapon)
 s - a +2 short sword of venom
 v - a +2 vampiric whip
Missiles
 h - 26 stones (quivered)
Armour
 b - a +0 scale mail (worn)
 c - a +0 shield (worn)
 p - a +1 helmet (worn)
 u - a +2 pair of boots (worn)
Jewellery
 o - a ring of resist corrosion (left hand)
 w - a +2 amulet of reflection (around neck)
Wands
 i - a wand of polymorph (17)
Scrolls
 a - a scroll of fog
 g - a scroll of teleportation
 l - a scroll of amnesia {unknown}
 q - 2 scrolls of noise {unknown}
 t - a scroll of random uselessness {unknown}
Potions
 d - a potion of might
 j - a potion of heal wounds {unknown}
 k - 3 potions of curing {unknown}
 r - a potion of degeneration {unknown}
Books
 n - a book of Cantrips

   Spells                             Type                      Level
   a - Confusing Touch                Hexes                        1
   b - Animate Skeleton               Necromancy                   1
   c - Summon Small Mammal            Summoning                    1
   d - Apportation                    Translocation                1
Comestibles
 f - 4 rations


   Skills:
 * Level 4.8 Fighting
 * Level 2.1(2.6) Short Blades
   Level 2.1(2.6) Long Blades
 + Level 4.1 Armour
 + Level 1.5 Dodging
 + Level 2.2 Stealth
 + Level 4.0 Shields
 + Level 0.0 Spellcasting
 + Level 0.0 Translocations
 + Level 0.0 Evocations


You had 4 spell levels left.
You knew the following spells:

 Your Spells              Type           Power        Failure   Level  Hunger
a - Apportation           Tloc           #.....       99%         1    ##.....


Dungeon Overview and Level Annotations

Branches:
Dungeon (4/15)
 Temple: D:4-7

Altars:
Ru
Sif Muna


Innate Abilities, Weirdness & Mutations

You are resistant to torment.
Your stone body is resilient. (AC +4)
You are immune to poison.
You resist negative energy. (rN+)
You are resistant to electric shocks. (rElec)
You can survive without breathing.
You are immune to petrification.
You are immune to rotting.


Message History

The adder bites you but does no damage. The adder closely misses you.
You are feeling hungry.
The adder bites you but does no damage.
You hit the ogre. Lightning courses through the ogre!
The ogre is almost dead.
The adder bites you but does no damage. You block the ogre's attack.
The adder bites you but does no damage.
You closely miss the ogre.
The ogre is almost dead.
The adder bites you but does no damage. You block the ogre's attack.
You barely miss the ogre.
The ogre is almost dead.
The adder bites you but does no damage. The ogre hits you with a giant club.
* * * LOW HITPOINT WARNING * * *
You barely miss the ogre.
The ogre is almost dead.
The adder bites you but does no damage. x2
The ogre hits you with a giant club!
You die...

...# #.........# #....#.##.##.#
.### #.....†...# #....#.....#.#
...# #.........# #....#.....#.#
.#+####..#########.÷..#.###...#
.....###.# #<.......#######
....<# #.## ###.###..#.....# #
.....# #..# #.# #......#.# #
.....####.########+###.#..#...###
......# #..##...@....#.#.##......
......# ##.##...SO...#.#....#.###
......# ##..#........#.#..#.#.#
####### #....#####.....#..#.#.#
#....#####..##.####.#.#
#....##.....#######.#.###
#....##......[..(...#....
#.....#....#.[.##########
##.....#....#...# #....


You could see an ogre and an adder.

Vanquished Creatures
  A scorpion (D:2)
  A worker ant (D:3)
  An orc wizard (D:3)
  Robin (D:2)
  6 gnolls (D:2)
  3 adders
  6 worms (D:2)
  A leopard gecko (D:2)
  3 orcs (D:3)
  3 ball pythons
  6 bats
  6 giant cockroaches
  13 hobgoblins
  2 jackals (D:1)
  8 kobolds
  A quokka (D:3)
  7 frilled lizards
  16 goblins
  2 rats
87 creatures vanquished.

Notes
Turn   | Place    | Note
-------+----------+-------------------------------------------
     0 | D:1      | Kagorn the Gargoyle Fighter began the quest for the Orb.
     0 | D:1      | Reached XP level 1. HP: 14/14 MP: 1/1
   214 | D:1      | Reached XP level 2. HP: 19/19 MP: 2/2
   870 | D:2      | Reached XP level 3. HP: 23/24 MP: 3/3
   895 | D:2      | Noticed Robin
   896 | D:2      | Reached skill level 1 in Stealth
   909 | D:2      | Killed Robin
   928 | D:2      | Reached XP level 4. HP: 16/29 MP: 4/4
   965 | D:2      | Found a faded altar of an unknown god.
  1029 | D:2      | Reached skill level 1 in Short Blades
  1029 | D:2      | Reached skill level 1 in Dodging
  1029 | D:2      | Reached XP level 5. HP: 28/33 MP: 5/5
  1209 | D:2      | Found a deep blue altar of Sif Muna.
  1728 | D:3      | Reached XP level 6. HP: 39/39 MP: 6/6
  1901 | D:3      | Learned a level 1 spell: Apportation
  2044 | D:3      | Found a sacrificial altar of Ru.
  2247 | D:4      | HP: 1/40 [ogre/giant club (8)]
  2258 | D:3      | HP: 2/40 [adder (1)]
  2281 | D:3      | Mangled by an ogre

Skill      XL: |  1  2  3  4  5  6 |
---------------+-------------------+-----
Long Blades    | 2 |  2.1
Stealth        | 1 2 |  2.2
Fighting       | 4 |  4.8
Short Blades   | 1 2 |  2.1
Dodging        | 1 |  1.5
Armour         | 4 |  4.1
Shields        | 4 |  4.0

Action                   |  1- 3 |  4- 6 || total
-------------------------+-------+-------++-------
Melee: Long sword        |    51 |       ||    51
       Short sword       |    51 |   128 ||   179
  Use: Scroll            |       |     9 ||     9
  Eat: Chunk             |       |     1 ||     1
       Ration            |       |     1 ||     1
Armor: Scale mail        |    51 |    71 ||   122
Dodge: Dodged            |    45 |    38 ||    83
Block: Shield            |    63 |    72 ||   135
       Reflection        |       |     1 ||     1
       Rpst.: Long sword |     8 |       ||     8
